 Dungeon Crawl Stone Soup version 0.27.1-34-g3ba077fa99 (webtiles) character file.

Game seed: 2209714904045211960

25040 safid the Severer (level 13, -5/105 HPs)
             Began as a Hill Orc Fighter on Jan 20, 2022.
             Was a High Priest of Beogh.
             Slain by a deep troll (16 damage)
             ... while paralysed by an ogre mage
             ... on level 2 of the Orcish Mines.
             The game lasted 00:41:16 (17668 turns).

safid the Severer (Hill Orc Fighter)               Turns: 17668, Time: 00:41:17

Health: -5/105     AC: 17    Str: 24    XL:     13   Next: 17%
Magic:  0/17       EV:  2    Int:  8    God:    Beogh [*****.]
Gold:   776        SH:  0    Dex: 10    Spells: 12/12 levels left

rFire    . . .     SeeInvis .   n - +3 war axe (freeze)
rCold    . . .     Faith    .   K - +2 kite shield
rNeg     . . .     Spirit   +   D - +0 plate armour
rPois    .         Reflect  .   Q - +2 helmet
rElec    .         Harm     .   f - +0 cloak
rCorr    .         Rampage  .   x - +0 pair of gloves
Will     .....                  (no boots)
Stlth    ..........             H - amulet of guardian spirit
HPRegen  0.27/turn              s - ring of flight
MPRegen  0.15/turn              a - +4 ring of evasion

@: paralysed, flying
A: walk on water
a: Renounce Religion, Smiting, Recall Orcish Followers, Give Item to Named
Follower


You were on level 2 of the Orcish Mines.
You worshipped Beogh.
Beogh was extremely pleased with you.
You visited 3 branches of the dungeon, and saw 14 of its levels.

You collected 1108 gold pieces.
You spent 332 gold pieces at shops.

Inventory:

Hand Weapons
 n - a +3 war axe of freezing (weapon)
 N - a +0 broad axe of flaming
Missiles
 e - 3 atropa-tipped darts
 r - 21 poisoned darts (quivered)
 E - 4 throwing nets
 F - a javelin
Armour
 f - a +0 cloak (worn)
 x - a +0 pair of gloves (worn)
 A - the +0 scale mail of the True Pharaoh {rCorr}
   (You found it on level 7 of the Dungeon)

   rCorr:     It protects you from acid and corrosion.
 D - a +0 plate armour (worn)
 K - a +2 kite shield (worn)
 Q - a +2 helmet (worn)
Jewellery
 a - a +4 ring of evasion (right hand)
 s - a ring of flight (left hand)
 v - an amulet of the acrobat
 H - an amulet of guardian spirit (around neck)
Wands
 c - a wand of polymorph (24)
 j - a wand of iceblast (5)
 y - a wand of paralysis (14)
 I - a wand of digging (8)
 J - a wand of flame (14)
Scrolls
 i - 2 scrolls of enchant armour
 l - a scroll of brand weapon
 p - 2 scrolls of fog
 q - 2 scrolls of enchant weapon {unknown}
 t - 4 scrolls of teleportation
 u - 2 scrolls of silence
 B - a scroll of fear {unknown}
 L - a scroll of blinking {unknown}
 M - a scroll of noise {unknown}
Potions
 b - a potion of resistance {unknown}
 g - 2 potions of mutation {unknown}
 h - a potion of brilliance {unknown}
 k - 2 potions of curing
 o - 4 potions of degeneration {unknown}
 w - a potion of magic {unknown}
 O - a potion of cancellation {unknown}
 P - a potion of invisibility {unknown}
Miscellaneous
 G - a phantom mirror


   Skills:
 + Level 7.0 Fighting
 + Level 16.8 Axes
 - Level 4.0 Armour
 + Level 3.8 Dodging
 - Level 15.0 Shields
 + Level 6.1 Invocations
 + Level 4.6 Evocations


You had 12 spell levels left.
You didn't know any spells.
Your spell library contained the following spells:

 Spells                   Type           Power      Damage    Failure   Level
 Foxfire                  Conj/Fire      0%         2x1d4     100%        1
 Corpse Rot               Necr/Air       N/A        N/A       100%        2
 Passwall                 Tmut/Erth      0%         N/A       100%        2
 Conjure Flame            Conj/Fire      0%         6-21      100%        3
 Frozen Ramparts          Ice            0%         1d2       100%        3
 Ignite Poison            Fire/Tmut/Pois 0%         N/A       100%        3
 Inner Flame              Hex/Fire       0%         N/A       100%        3
 Mephitic Cloud           Conj/Pois/Air  0%         N/A       100%        3
 Ozocubu's Armour         Ice            0%         N/A       100%        3
 Swiftness                Air            0%         N/A       100%        3
 Dispel Undead            Necr           0%         3d6       100%        4
 Fulminant Prism          Conj/Hex       0%         3d6       100%        4
 Ice Form                 Ice/Tmut       0%         N/A       100%        4
 Iskenderun's Mystic Bla  Conj/Tloc      0%         2d3       100%        4
 Sticky Flame             Conj/Fire      0%         2d3       100%        4
 Summon Ice Beast         Ice/Summ       0%         N/A       100%        4
 Bolt of Magma            Conj/Fire/Erth 0%         4d4       100%        5
 Lee's Rapid Deconstruct  Erth           0%         3d5*      100%        5
 Death Channel            Necr           0%         N/A       100%        6
 Invisibility             Hex            0%         N/A       100%        6
 Ozocubu's Refrigeration  Ice            0%         4d5       100%        7
 Chain Lightning          Conj/Air       0%         N/A       100%        9
 Fire Storm               Conj/Fire      0%         5d1       100%        9


Dungeon Overview and Level Annotations

Branches:
Dungeon (10/15)            Temple (0/1) D:7            Lair (2/6) D:9
 Shoals (0/4) Lair:2        Snake (0/4) Lair:2          Orc (2/2) D:9
    Elf: Orc:2

Altars:
Cheibriados
Gozag
Kikubaaqudgha
Makhleb
Nemelex Xobeh
Okawaru
Sif Muna
Trog
Uskayaw
Vehumet
Wu Jian
Xom
The Shining One
Beogh

Shops:
D:2 **   D:3 *   D:8 [   D:9 (   Orc:1 *   Orc:2 !

Annotations:
Lair:2 1 runed translucent door, Herculon's ghost, journeyman HuBe


Message History

You kill the troll!
Beogh accepts your kill.
You hit the ogre mage but do no damage. You closely miss the troll.
You slash the ogre! You freeze the ogre.
You kill the ogre!
Beogh accepts your kill.
You barely miss the ogre.
Your orc priest no longer looks unusually strong.
The troll bites you. You block the troll's attack. x2
Your orc priest barely misses the ogre.
The ogre barely misses you.
The ogre mage gestures at you while chanting.
You suddenly lose the ability to move!
The troll bites you!
The troll claws you but does no damage. x2
Your orc priest hits the ogre with a +0 short sword!
The ogre dies!
Beogh accepts your kill.
Your orc priest hits the deep troll with a +0 war axe!
The ogre hits you with a +0 giant club.
The ogre mage gestures at the two-headed ogre while chanting.
The two-headed ogre seems to speed up.
The deep troll bites you!
The deep troll claws you but does no damage.
The deep troll claws you!
* * * LOW HITPOINT WARNING * * *
Your orc priest hits the troll but does no damage.
Your orc knight hits the troll with a +0 war axe!!
The troll dies!
Beogh accepts your kill.
Your orc knight looks more experienced.
Your orc knight hits the cyclops with a +0 war axe!
Your orc knight hits the deep troll with a +0 war axe!
Your orc priest hits the deep troll with a +0 war axe.
The cyclops hits you but does no damage.
The ogre mage gestures wildly while chanting.
The ogre mage flickers and vanishes!
Deactivating autopickup; reactivate with Ctrl-A.
The ogre hits you with a +0 giant club!!
* * * LOW HITPOINT WARNING * * *
The deep troll bites you!!
You die...

............#####....O.....#
#.#...........##.....)<#####
##.............#.........#
##.##........#.........##
####.......O..........#
##................##
##...........#####
#...#...{CT## ##.##..T)@oo##
####....O)o..##
##.............#
##..............###
###...............#.#
##..................##
##..........##.#......#
#...#.....#.####......#
#...#.....### ##.......


You could see a two-headed ogre (fast), a deep troll (ally target), a cyclops
(ally target), a troll, an ogre, a friendly orc knight and 2 friendly orc
priests.

Vanquished Creatures
  An ogre mage (Orc:2)
  A boulder beetle (D:10)
  8 two-headed ogres
  A deep troll (Orc:2)
  A deep elf pyromancer (D:10)
  Pikel (D:6)
  2 ugly things
  2 black mambas
  A gargoyle (D:10)
  3 cane toads
  An unseen horror (D:9)
  2 komodo dragons
  A hornet (D:10)
  A polar bear (Lair:1)
  2 trolls
  Grinder (D:3)
  Prince Ribbit (D:7)
  A shadow (D:9)
  A vampire (D:10)
  17 yaks
  2 steam dragons
  A basilisk (Lair:2)
  Menkaure (D:5)
  A warg (Orc:1)
  13 water moccasins
  5 orc warriors
  A sky beast (D:5)
  2 ice beasts
  3 black bears
  12 ogres
  3 necrophages
  14 wolves
  4 centaurs
  A phantom (D:5)
  2 gnoll sergeants
  A kobold brigand (D:7)
  7 bullfrogs
  2 scorpions
  A water moccasin skeleton (D:7)
  A water moccasin zombie (D:7)
  5 wights (D:7)
  5 killer bees
  A bullfrog zombie (D:7)
  2 centaur zombies
  4 jellies
  A gnoll shaman (D:8)
  4 hounds
  6 orc priests
  An iguana (D:6)
  9 orc wizards
  A killer bee zombie (D:8)
  A howler monkey zombie (D:9)
  17 gnolls
  10 adders
  2 worms
  4 dart slugs
  41 orcs
  5 endoplasms
  A giant cockroach (D:2)
  3 goblins
  9 hobgoblins
  10 kobolds
  5 quokkas
  3 training dummies (D:9)
  5 ball pythons
  5 bats
  2 frilled lizards
  A quokka skeleton (D:4)
  A rat (D:1)
290 creatures vanquished.

Vanquished Creatures (collateral kills)
  3 two-headed ogres (Orc:2)
  An orc sorcerer (Orc:1)
  2 trolls (Orc:2)
  4 orc warriors (Orc:1)
  4 ogres (Orc:2)
  3 orcs
17 creatures vanquished.

Vanquished Creatures (others)
  2 orc sorcerers (Orc:2)
  3 orc priests
  3 orc warriors
  4 orc wizards
  21 orcs
  3 fungi (Lair:1)
  11 plants
  6 withered plants (D:7)
53 creatures vanquished.

Grand Total: 360 creatures vanquished

Notes
Turn   | Place    | Note
-------+----------+-------------------------------------------
     0 | D:1      | safid the Hill Orc Fighter began the quest for the Orb.
     0 | D:1      | Reached XP level 1. HP: 19/19 MP: 1/1
   420 | D:1      | Reached XP level 2. HP: 27/27 MP: 2/2
   427 | D:1      | Reached skill level 3 in Axes
   792 | D:2      | Found Pylout's Assorted Antiques.
   879 | D:2      | Reached XP level 3. HP: 30/33 MP: 3/3
   993 | D:2      | Reached XP level 4. HP: 40/40 MP: 4/4
  1192 | D:2      | Found Fitsiud's Jewellery Boutique.
  1305 | D:2      | Reached skill level 4 in Axes
  1481 | D:2      | Found Gutal's General Store.
  1484 | D:2      | Bought a potion of heal wounds for 65 gold pieces
  1717 | D:2      | Reached XP level 5. HP: 46/46 MP: 5/5
  1897 | D:3      | Found a faded altar of an unknown god.
  2170 | D:3      | Noticed Grinder
  2171 | D:3      | Found a sparkling altar of Nemelex Xobeh.
  2191 | D:3      | Killed Grinder
  2192 | D:3      | Reached skill level 6 in Axes
  2192 | D:3      | Reached skill level 5 in Shields
  2192 | D:3      | Reached XP level 6. HP: 30/52 MP: 6/6
  2438 | D:3      | Found Biassas's Assorted Antiques.
  2898 | D:4      | Found a radiant altar of Vehumet.
  2956 | D:4      | Reached XP level 7. HP: 58/59 MP: 7/7
  3810 | D:5      | Entered Level 5 of the Dungeon
  3814 | D:5      | Noticed Menkaure
  3822 | D:5      | Killed Menkaure
  3823 | D:5      | Reached skill level 7 in Axes
  4378 | D:5      | Became a worshipper of Beogh the Brigand
  4524 | D:5      | Reached skill level 8 in Axes
  4864 | D:5      | Found a snail-covered altar of Cheibriados.
  4896 | D:5      | Reached XP level 8. HP: 12/66 MP: 8/8
  5249 | D:5      | Found a burning altar of Makhleb.
  5724 | D:6      | Noticed Pikel
  5744 | D:6      | Killed Pikel
  5745 | D:6      | Reached skill level 9 in Axes
  6004 | D:6      | Reached skill level 10 in Axes
  6218 | D:6      | Reached XP level 9. HP: 62/71 MP: 9/9
  6268 | D:6      | Found a glowing golden altar of the Shining One.
  6509 | D:6      | Found an iron altar of Okawaru.
  6528 | D:6      | Reached * piety under Beogh
  6976 | D:7      | Reached skill level 11 in Axes
  6981 | D:7      | Noticed a two-headed ogre
  7479 | D:7      | Reached skill level 10 in Shields
  7507 | D:7      | Noticed Prince Ribbit
  7513 | D:7      | Killed Prince Ribbit
  7731 | D:7      | Found a staircase to the Ecumenical Temple.
  7835 | D:7      | Found an ancient bone altar of Kikubaaqudgha.
  7843 | D:7      | Reached skill level 12 in Axes
  8079 | D:7      | Identified the +0 scale mail of the True Pharaoh {rCorr}
  8092 | D:7      | Reached XP level 10. HP: 50/78 MP: 10/10
  8471 | D:8      | Found a hide-covered altar of Uskayaw.
  8474 | D:8      | Noticed a +0 dagger
  8474 | D:8      | Noticed a +0 hand axe
  8941 | D:8      | Found a bloodstained altar of Trog.
  9251 | D:8      | Found Wuidiaxe's Armour Boutique.
  9462 | D:8      | Reached skill level 13 in Axes
  9729 | D:8      | Found an opulent altar of Gozag.
 10006 | D:2      | Bought a potion of haste for 130 gold pieces
 10006 | D:2      | Bought a potion of curing for 39 gold pieces
 10006 | D:2      | Bought a scroll of identify for 26 gold pieces
 10250 | D:9      | Found a staircase to the Lair.
 10338 | D:9      | Reached ** piety under Beogh
 10371 | D:9      | Noticed a two-headed ogre
 10542 | D:9      | Killed a two-headed ogre
 10732 | D:9      | Found a staircase to the Orcish Mines.
 10947 | D:9      | Found a shimmering blue altar of Sif Muna.
 11041 | D:9      | Found Hessif's Firing Range.
 11067 | D:9      | Bought a throwing net for 36 gold pieces
 11067 | D:9      | Bought a throwing net for 36 gold pieces
 11598 | D:9      | Killed an unseen horror
 11599 | D:9      | Reached skill level 14 in Axes
 11680 | D:9      | Found a shimmering altar of Xom.
 12148 | D:10     | Entered Level 10 of the Dungeon
 12158 | D:10     | Noticed a two-headed ogre
 12170 | D:10     | Killed a two-headed ogre
 12171 | D:10     | Reached XP level 11. HP: 32/84 MP: 4/11
 12791 | D:10     | Noticed a boulder beetle
 12791 | D:10     | Noticed a green ugly thing
 12792 | D:10     | Noticed a deep elf pyromancer
 12801 | D:10     | Killed a green ugly thing
 12813 | D:10     | Killed a deep elf pyromancer
 12814 | D:10     | Killed a boulder beetle
 12815 | D:10     | Reached skill level 15 in Axes
 13201 | D:10     | Noticed a two-headed ogre
 13209 | D:10     | Killed a two-headed ogre
 13241 | D:10     | Found an ornate altar of the Wu Jian Council.
 13302 | D:10     | Noticed a two-headed ogre
 13311 | D:10     | Killed a two-headed ogre
 13600 | D:10     | Noticed a green ugly thing
 13600 | D:10     | Noticed a cyclops
 13640 | D:9      | Killed a green ugly thing
 13874 | Lair:1   | Entered Level 1 of the Lair of Beasts
 13971 | Lair:1   | Reached skill level 16 in Axes
 13971 | Lair:1   | Reached *** piety under Beogh
 14312 | Lair:1   | Reached XP level 12. HP: 52/91 MP: 7/12
 14702 | Lair:1   | Reached skill level 15 in Shields
 14801 | Lair:1   | Reached skill level 1 in Invocations
 14810 | Lair:1   | Reached skill level 1 in Evocations
 14815 | Lair:1   | Reached skill level 1 in Dodging
 15361 | Lair:2   | Reached skill level 5 in Fighting
 15649 | Lair:2   | Found a runed translucent door.
 15652 | Lair:2   | Noticed Herculon's ghost (journeyman HuBe)
 15682 | Lair:2   | Found a staircase to the Shoals.
 15837 | Lair:2   | Reached **** piety under Beogh
 15839 | Lair:2   | Found a staircase to the Snake Pit.
 16536 | Orc:1    | Entered Level 1 of the Orcish Mines
 16536 | Orc:1    | Found Qekhlaar's Assorted Antiques.
 16708 | Orc:2    | Entered Level 2 of the Orcish Mines
 16721 | Orc:2    | Found a roughly hewn altar of Beogh.
 16980 | Orc:2    | Noticed an ogre mage
 16981 | Orc:2    | Noticed a two-headed ogre
 16982 | Orc:2    | Found Piarom's Distillery.
 16983 | Orc:2    | Noticed a two-headed ogre
 16984 | Orc:2    | Noticed a two-headed ogre
 16986 | Orc:2    | Noticed a two-headed ogre
 16987 | Orc:2    | Noticed a two-headed ogre
 16988 | Orc:2    | Noticed an ogre mage
 16988 | Orc:2    | Noticed a two-headed ogre
 16991 | Orc:2    | Noticed a two-headed ogre
 16992 | Orc:2    | Killed an ogre mage
 16998 | Orc:2    | Noticed a two-headed ogre
 17002 | Orc:2    | Killed a two-headed ogre
 17003 | Orc:2    | Killed a two-headed ogre
 17449 | Orc:1    | Found a burning altar of Makhleb.
 17645 | Orc:2    | Reached skill level 5 in Invocations
 17651 | Orc:2    | Killed a two-headed ogre
 17651 | Orc:2    | Reached ***** piety under Beogh
 17656 | Orc:2    | Reached XP level 13. HP: 96/103 MP: 13/17
 17665 | Orc:2    | Paralysed by an ogre mage for 6 turns
 17668 | Orc:2    | Slain by a deep troll

Illustrated notes

Levels and vault maps discovered:
D:1:      dpeg_arrival_round_b, layout_basic
D:2:      layout_loops_corners, serial_shops, shop, nicolae_shop_behind_doors,
          nicolae_square_shop
D:3:      layout_rooms, nemelex_xobeh_ov_fountains_minmay, serial_shops,
          nicolae_shop_behind_doors, hellmonk_ecumenical_altar_lost_god,
          uniq_grinder
D:4:      layout_basic, mainiacjoe_overflow_24_doors, hangedman_decor_slide_cut
D:5:      layout_basic, kennysheep_slug_shrine, kennysheep_little_box,
          uniq_menkaure
D:6:      layout_loops_corners, mainiacjoe_overflow_brackets,
          okawaru_altar_gauntlet_db, uniq_pikel
D:7:      layout_basic, kiku_gazebo_garden_becter,
          minmay_temple_entry_large_hall, minivault_11, uniq_prince_ribbit1
D:8:      layout_basic, dancing_weapons_uskayaw, marbit_many_paths,
          mainiacjoe_overflow_paths, serial_shops, nicolae_shop_statue_plus
D:9:      layout_basic, mainiacjoe_overflow_alcove_2, xom_butterflies,
          lair_entry_dummy, erik_orc_3, nicolae_shop_firing_range
D:10:     layout_rooms, nzn_wu_jian_contemplation, minmay_shattered_shrine
Lair:1:   wander_river, layout_misc_corridors, grunt_megastairs_4
Lair:2:   layout_small_grid, shoals_dummy_entry,
          minmay_snake_entry_six_corridors, hellmonk_ghost_happy_afterlife,
          infiniplex_staircase_pool_2
Orc:1:    layout_caves, serial_shops, nicolae_square_shop, bloody_makhleb
Orc:2:    st_orc_open, layout_diamond_mine, mines2_david, uniq_urug

Skill      XL: |  1  2  3  4  5  6  7  8  9 10 11 12 13 |
---------------+----------------------------------------+-----
Axes           | 3 4 6 8 10 12 14 16 | 16.8
Fighting       | 4 6 7 |  7.0
Shields        | 4 5 6 7 9 10 12 14 15 | 15.0
Armour         | 4 |  4.0
Invocations    | 5 6 |  6.1
Evocations     | 4 |  4.6
Dodging        | 3 |  3.8

Action                   |  1- 3 |  4- 6 |  7- 9 | 10-12 | 13-15 || total
-------------------------+-------+-------+-------+-------+-------++-------
Melee: War axe           |    40 |   132 |   376 |   658 |    10 ||  1216
Throw: Dart              |       |       |    11 |    11 |       ||    22
Invok: Convert to Beogh  |       |       |     1 |       |       ||     1
       Recall Orcish Fol |       |       |       |     1 |       ||     1
  Use: Potion            |       |     1 |     1 |     7 |       ||     9
       Scroll            |       |       |     5 |     5 |       ||    10
 Stab: Confused          |       |       |       |     1 |       ||     1
Armor: Scale mail        |    20 |    72 |   138 |    19 |       ||   249
       Plate armour      |       |       |       |   108 |     5 ||   113
Dodge: Dodged            |    11 |    46 |   107 |   178 |     9 ||   351
Block: Kite shield       |    23 |    82 |   188 |   403 |    14 ||   710
